 Dungeon Crawl Stone Soup version 0.30-a0-272-gf98c3da03f (webtiles) character file.

Game seed: 10338947514315441056

89 Harunobu the Stinger (level 4, 0/27 HPs)
             Began as an Octopode Venom Mage on Oct 15, 2022.
             Succumbed to an adder's poison
             ... on level 3 of the Dungeon.
             The game lasted 00:07:25 (3081 turns).

Harunobu the Stinger (Octopode Venom Mage)          Turns: 3081, Time: 00:07:25

Health: 0/27       AC:  1    Str:  7    XL:     4   Next: 55%
Magic:  2/7        EV: 13    Int: 19    God:
Gold:   51         SH:  0    Dex: 12    Spells: 7/8 levels left

rFire   . . .      SeeInvis .    (no weapon)
rCold   . . .      Faith    .    (no shield)
rNeg    + . .      Spirit   .    (helmet restricted)
rPois   .          Reflect  .    (no amulet)
rElec   .          Harm     .    h - ring of positive energy
rCorr   .          Rampage  .    (no ring)
Will    .....                    (no ring)
Stlth   +++.......               (no ring)
HPRegen 0.24/turn                (no ring)
MPRegen 0.10/turn                (no ring)
                                 (no ring)
                                 (no ring)

@: lethally poisoned (0 -> -2)
A: almost no armour, amphibious, 8 rings, camouflage 1, gelatinous body 1,
(nimble swimmer 1), tentacles
a: no special abilities


You were on level 3 of the Dungeon.
You visited 1 branch of the dungeon, and saw 3 of its levels.

You collected 51 gold pieces.

Inventory:

Hand Weapons
 i - a +2 dagger of electrocution
Jewellery
 h - a ring of positive energy (left tentacle)
Scrolls
 b - 3 scrolls of fog {unknown}
 c - a scroll of identify {unknown}
 d - 2 scrolls of enchant armour {unknown}
 g - a scroll of fear {unknown}
 k - a scroll of teleportation {unknown}
 m - a scroll of immolation {unknown}
Potions
 a - a potion of magic
 e - a potion of degeneration {unknown}
 f - 3 potions of curing {unknown}
 j - a potion of lignification {unknown}
 l - a potion of ambrosia {unknown}
 n - 2 potions of flight {unknown}


   Skills:
 + Level 2.6 Dodging
 + Level 3.8 Stealth
 + Level 2.5 Spellcasting
 + Level 2.0 Transmutations
 + Level 4.3 Poison Magic


You had 7 spell levels left.
You knew the following spells:

 Your Spells              Type           Power      Damage    Failure   Level
a - Sting                 Tmut/Pois      56%        1d5       4%          1

Your spell library contained the following spells:

 Spells                   Type           Power      Damage    Failure   Level
 Poisonous Vapours        Pois/Air       20%        N/A       10%         2
 Mephitic Cloud           Conj/Pois/Air  7%         N/A       26%         3
 Olgreb's Toxic Radiance  Pois           18%        N/A       26%         4
 Call Canine Familiar     Summ           2%         N/A       43%         3
 Portal Projectile        Hex/Tloc       4%         N/A       43%         3
 Leda's Liquefaction      Hex/Erth       1%         N/A       85%         4


Dungeon Overview and Level Annotations

Branches:
Dungeon (3/15)

Altars:
Yredelemnul


Innate Abilities, Weirdness & Mutations

You cannot wear most types of armour.
You are amphibious.
You can wear up to eight rings at the same time.
Your skin changes colour to match your surroundings (Stealth+).
Your rubbery body absorbs attacks. (AC +1, EV +1)
((You are camouflaged when in or above water. (Stealth+)))
You have tentacles for arms and can constrict up to eight enemies at once.


Message History

Press: ? - help, Shift-Dir - straight line, f/p - adder
Aim: an adder (lightly wounded, poisoned, 53% to hit)
The sting hits the adder.
The adder looks even sicker.
The adder is moderately wounded.
The adder bites you. The adder attacks as you move away!
The adder closely misses you. The adder attacks as you move away!
The adder bites you. x2
The adder attacks as you move away! The adder barely misses you.
The adder attacks as you move away! The adder bites you.
The adder attacks as you move away! The adder bites you.
You are poisoned.
The adder poisons you!
You feel sick. The adder misses you.
You feel sick.
You feel sick.
You kill the adder!
You feel sick.
You feel sick.
You feel sick.
You are no longer poisoned.
Casting: Sting (safe; 4% risk of failure)
Confirm with . or Enter, or press ? or * to list all spells.
Aiming: Sting (safe; 4% risk of failure)
Press: ? - help, Shift-Dir - straight line, f - adder
Aim: an adder (53% to hit)
The sting hits the adder.
The adder is poisoned.
The adder is moderately wounded.
The adder bites you.
* * * LOW HITPOINT WARNING * * *
The adder bites you.
* * * LOW HITPOINT WARNING * * *
You are lethally poisoned!
The adder poisons you!
* * * LOW HITPOINT WARNING * * *
You feel sick.
* * * LOW HITPOINT WARNING * * *
You feel sick.
* * * LOW HITPOINT WARNING * * *
You feel sick. The adder completely misses you.
The adder attacks as you move away! The adder barely misses you.
You die...

#.# #.# #.# ###.### #########
###.....## #.......# ###
#........####.#####.# ..#
#.#..S............#.# #.#
#........####.###.#.# #.#
#....@...# #..)....#
####.#####........# #####.###
#......)..........########.##
###.##.#########.#####........#
.......# #.# #.#####..#
###.#### #.# #.# #....# #.#
##'## #.# #.##.# ##.## ##...##
#.# #.##.# ##...###
##.....###.###.##.#


You could see an adder (poisoned).

Vanquished Creatures
  3 adders
  3 worms
  An orc (D:3)
  2 endoplasms
  2 giant cockroaches (D:1)
  7 goblins
  5 hobgoblins
  6 kobolds
  5 quokkas
  6 ball pythons
  5 frilled lizards
  5 rats
50 creatures vanquished.

Notes
Turn   | Place    | Note
-------+----------+-------------------------------------------
     0 | D:1      | Harunobu the Octopode Venom Mage began the quest for the
                  | Orb.
     0 | D:1      | Reached XP level 1. HP: 11/11 MP: 3/3
   318 | D:1      | Reached XP level 2. HP: 17/17 MP: 1/5
   498 | D:1      | Found a faded altar of an unknown god.
   855 | D:1      | Reached XP level 3. HP: 21/21 MP: 4/6
   955 | D:1      | Reached skill level 4 in Poison Magic
  2034 | D:2      | Found a basalt altar of Yredelemnul.
  2049 | D:2      | Reached XP level 4. HP: 21/27 MP: 0/7
  3080 | D:3      | HP: 1/27 [poisoned by an adder]
  3081 | D:3      | Succumbed to an adder's poison

Illustrated notes

Levels and vault maps discovered:
D:1:      matt_arrival_spirals, layout_loops_ring, basic_ecumenical_altar
D:2:      layout_basic, basic_altar
D:3:      layout_loops_corners, grunt_temple_overflow_lords_of_destruction,
          gup_sewer_entry_glass, serial_shops, nicolae_shop_crystal,
          grunt_decor_arrowhead, nrook_mini_vaults

Skill      XL: |  1  2  3  4 |
---------------+-------------+-----
Stealth        | 3 |  3.8
Poison Magic   | 4 |  4.3
Transmutations | 2 |  2.0
Dodging        | |  2.6
Spellcasting   | |  2.5

Action                   |  1- 3 |  4- 6 || total
-------------------------+-------+-------++-------
Melee: Unarmed           |     2 |       ||     2
       Constrict         |     1 |       ||     1
       Tentacles         |     1 |       ||     1
 Cast: Sting             |    77 |    29 ||   106
Armor: Skin              |     3 |     1 ||     4
Dodge: Dodged            |    25 |    16 ||    41

Table legend: (Time is in decaauts)
 A = Elapsed time spent in this place.
 B = Non-inter-level travel time spent in this place.
 C = Inter-level travel time spent in this place.
 D = Time resting spent in this place.
 E = Time spent auto-exploring this place.
 F = Levels seen in this place.
 G = Mean time per level.
                   A        B        C        D        E       F      G
               +--------+--------+--------+--------+--------+-----+--------+
         Total |   3079 |   3060 |     19 |   1087 |   1502 |   3 | 1026.3 |
       Dungeon |   3079 |   3060 |     19 |   1087 |   1502 |   3 | 1026.3 |
               +--------+--------+--------+--------+--------+-----+--------+

Top non-repeatable levels by time:
     D:1: 1394 daAuts
     D:2: 1132 daAuts
     D:3: 552 daAuts
